Map: Orbital Shipyard

Players

HolyHit - Winner!

  • Race: Protoss Protoss
  • League: Grandmaster

Probe

  • Race: Protoss Protoss
  • League: Master

Event: DreamHack ZOWIE Open Leipzig

VOD

Have the link to the VOD?

Description

Time

  • Played on: Jan. 22, 2016, 7:30 a.m.
  • Length: 17:37

All games in this series

Show
View Real Time Build Order
Export as new Build Order

HolyHit Protoss - Winner!

Build Orders: Nexus First, Oracle Opening 

Get SALT Encoding   

  12  0:01  Probe (Chrono Boost)  
  13  0:11  Probe (Chrono Boost)  
  14  0:17  Pylon  
  14  0:22  Probe (Chrono Boost)  
  16  0:36  Probe (Chrono Boost)  
  16  0:46  Probe (Chrono Boost)  
  17  0:56  Nexus  
  17  1:01  Probe (Chrono Boost)  
  18  1:11  Gateway  
  18  1:13  Probe (Chrono Boost)  
  19  1:19  Assimilator  
  19  1:24  Probe (Chrono Boost)  
  20  1:31  Assimilator  
  20  1:34  Probe (Chrono Boost)  
  21  1:41  Gateway  
  21  1:46  Probe (Chrono Boost)  
  22  1:57  Probe (Chrono Boost)  
  23  2:01  Cybernetics Core  
  24  2:08  Probe (Chrono Boost)  
  24  2:09  Probe (Chrono Boost)  
  25  2:19  Probe x2 (Chrono Boost)  
  27  2:29  Probe (Chrono Boost)  
  28  2:30  Probe (Chrono Boost)  
  29  2:37  Adept x2 (Chrono Boost)  
  29  2:39  Warp Gate  
  29  2:40  Mothership Core (Chrono Boost)  
  29  2:42  Probe  
  36  2:49  Pylon  
  36  2:54  Probe (Chrono Boost)  
  37  3:01  Probe (Chrono Boost)  
  38  3:07  Probe (Chrono Boost)  
  38  3:11  Stargate  
  38  3:12  Probe (Chrono Boost)  
  40  3:15  Pylon  
  40  3:17  Probe (Chrono Boost)  
  41  3:20  Stalker (Chrono Boost)  
  41  3:22  Probe (Chrono Boost)  
  41  3:24  Stalker (Chrono Boost)  
  46  3:33  Probe  
  48  3:34  Probe  
  47  3:45  Probe  
  47  3:50  Probe  
  47  3:57  Probe, Oracle (Chrono Boost)  
  48  4:03  Probe  
  48  4:09  Probe  
  48  4:15  Probe  
  43  4:21  Probe (Chrono Boost)  
  44  4:27  Probe (Chrono Boost), Assimilator  
  44  4:29  Nexus, Phoenix (Chrono Boost)  
  44  4:30  Pylon  
  47  4:33  Probe (Chrono Boost)  
  49  4:38  Probe (Chrono Boost)  
  49  4:44  Twilight Council, Probe (Chrono Boost)  
  50  4:49  Probe (Chrono Boost)  
  50  4:51  Assimilator  
  51  4:54  Probe (Chrono Boost)  
  51  4:59  Probe (Chrono Boost)  
  53  5:01  Robotics Facility  
  53  5:05  Probe (Chrono Boost)  
  54  5:10  Probe (Chrono Boost)  
  55  5:15  Stalker x2, Probe (Chrono Boost)  
  55  5:20  Probe (Chrono Boost)  
  61  5:26  Probe (Chrono Boost)  
  62  5:29  Pylon  
  62  5:30  Charge (Chrono Boost)  
  62  5:37  Pylon  
  62  5:40  Probe (Chrono Boost), Phoenix  
  62  5:41  Probe (Chrono Boost)  
  66  5:44  Probe  
  66  5:49  Pylon  
  67  5:52  Pylon  
  67  5:53  Probe  
  67  5:54  Zealot x2  
  67  5:56  Immortal (Chrono Boost)  
  76  5:58  Probe x2  
  78  6:05  Probe, Phoenix  
  78  6:10  Probe x2  
  83  6:14  Sentry, Gateway  
  83  6:15  Zealot  
  83  6:17  Probe  
  88  6:22  Probe  
  88  6:25  Probe, Pylon  
  90  6:26  Assimilator  
  90  6:31  Observer (Chrono Boost)  
  90  6:32  Assimilator  
  86  6:47  Probe, Zealot x2  
  86  6:48  Probe  
  86  6:50  Immortal (Chrono Boost)  
  86  6:54  Phoenix  
  98  7:01  Gateway  
  98  7:03  Gateway  
  98  7:08  Zealot x2  
  100  7:17  Phoenix  
  98  7:26  Zealot  
  98  7:27  Probe x3  
  101  7:30  Gateway  
  101  7:31  Gateway  
  101  7:32  Immortal (Chrono Boost)  
  101  7:33  Pylon  
  101  7:34  Forge  
  101  7:35  Sentry, Gateway  
  107  7:39  Probe x3  
  110  7:50  Zealot x2  
  110  7:51  Probe x2, Phoenix  
  116  7:54  Gateway  
  116  7:56  Templar Archives  
  118  7:59  Sentry  
  118  8:00  Gateway  
  120  8:07  Pylon  
  120  8:08  Protoss Ground Weapons Level 1, Warp Prism (Chrono Boost)  
  120  8:11  Photon Cannon  
  122  8:13  Photon Cannon  
  122  8:23  Nexus  
  122  8:24  Phoenix  
  122  8:28  Photon Cannon  
  122  8:32  Pylon  
  126  8:41  Immortal (Chrono Boost)  
  126  8:44  High Templar  
  126  8:45  High Templar x2  
  126  8:47  Phoenix  
  126  8:48  Pylon  
  132  8:49  Archon  
  132  8:52  High Templar  
  132  8:53  Zealot x2  
  140  8:57  Archon  
  140  8:58  Photon Cannon  
  140  9:02  Robotics Bay  
  140  9:07  Assimilator  
  140  9:09  High Templar x2  
  144  9:12  Archon, Assimilator  
  148  9:17  Immortal (Chrono Boost)  
  148  9:22  Robotics Facility  
  148  9:33  Phoenix  
  148  9:35  Probe  
  148  9:38  Probe  
  146  9:46  Zealot x6  
  153  9:59  Phoenix  
  147  10:00  Warp Prism (Chrono Boost)  
  147  10:07  Protoss Ground Weapons Level 2  
  151  10:10  Disruptor (Chrono Boost)  
  154  10:15  Probe  
  154  10:17  Probe x3  
  154  10:20  High Templar x2  
  162  10:24  Archon  
  162  10:25  Probe  
  162  10:26  Photon Cannon  
  163  10:29  Photon Cannon  
  163  10:32  Photon Cannon x2  
  163  10:38  Disruptor (Chrono Boost)  
  158  10:57  Pylon  
  158  11:02  Assimilator  
  158  11:04  Assimilator  
  158  11:06  Nexus, Pylon  
  158  11:07  Pylon x2  
  158  11:09  Pylon x2  
  158  11:10  Pylon  
  158  11:11  Pylon  
  158  11:13  Pylon  
  158  11:15  Pylon  
  158  11:21  Extended Thermal Lance, Pylon  
  158  11:23  Phoenix  
  158  11:27  Disruptor x2 (Chrono Boost)  
  165  11:42  High Templar  
  165  11:43  High Templar x3  
  173  11:48  Pylon  
  173  11:49  Pylon, Archon x2  
  173  11:54  Zealot x3  
  173  11:55  Zealot x2  
  173  11:58  Colossus (Chrono Boost)  
  194  12:08  Colossus (Chrono Boost)  
  194  12:15  Stalker  
  189  12:37  Protoss Ground Weapons Level 3  
  189  12:40  Dark Shrine  
  189  12:41  Photon Cannon  
  189  12:48  Zealot x2  
  189  12:49  Zealot x3  
  189  13:07  Zealot x3  
  152  14:04  Zealot x2  
  152  14:05  Zealot x8  
  152  14:09  Disruptor (Chrono Boost)  
  169  14:18  Phoenix  
  169  14:19  Robotics Facility  
  169  14:21  Robotics Facility  
  171  14:26  Nexus, Pylon, High Templar x6  
  171  14:27  Pylon, High Templar x4  
  171  14:30  Archon x4  
  171  14:31  Archon  
  191  14:35  Assimilator  
  191  14:39  Assimilator  
  191  14:40  Disruptor (Chrono Boost)  
  194  14:49  Phoenix  
  180  15:00  High Templar x5  
  180  15:04  Archon x2  
  180  15:06  High Templar  
  192  15:11  Disruptor (Chrono Boost), Phoenix  
  167  15:17  Zealot x3  
  167  15:18  Zealot  
  113  15:33  Phoenix  
  113  15:35  Zealot x5  
  119  15:50  High Templar x2  
  119  15:51  Zealot x3  
  119  15:52  Mothership Core  
  119  15:54  Archon  
  119  15:55  Phoenix  
  131  15:58  Zealot x2  
  137  16:10  Disruptor (Chrono Boost)  
  140  16:13  High Templar x2  
  138  16:28  High Templar x2  
  138  16:29  Photon Cannon  
  138  16:31  Photon Cannon  
  138  16:32  Archon x2  
  145  16:42  Disruptor (Chrono Boost)  
  145  16:48  Photon Cannon  
  145  16:51  Photon Cannon  
  116  17:10  Observer (Chrono Boost), Zealot x7  
  116  17:11  Phoenix  
  117  17:32  Zealot x4  
  117  17:33  Zealot x2  
Show
View Real Time Build Order
Export as new Build Order

Probe Protoss 

Build Orders: Nexus First 

Get SALT Encoding   

  12  0:01  Probe (Chrono Boost)  
  13  0:11  Probe (Chrono Boost)  
  14  0:18  Pylon  
  14  0:22  Probe (Chrono Boost)  
  15  0:36  Probe (Chrono Boost)  
  16  0:46  Probe (Chrono Boost)  
  17  0:59  Nexus  
  18  1:10  Gateway  
  17  1:13  Probe (Chrono Boost)  
  18  1:19  Assimilator  
  18  1:23  Probe (Chrono Boost)  
  19  1:29  Assimilator  
  19  1:34  Probe (Chrono Boost)  
  20  1:41  Gateway  
  20  1:44  Probe (Chrono Boost)  
  21  1:55  Probe (Chrono Boost)  
  21  2:00  Cybernetics Core  
  22  2:05  Probe (Chrono Boost)  
  23  2:16  Probe (Chrono Boost)  
  23  2:17  Probe (Chrono Boost)  
  25  2:26  Probe (Chrono Boost)  
  25  2:27  Probe (Chrono Boost)  
  28  2:37  Probe (Chrono Boost), Adept x2 (Chrono Boost)  
  28  2:38  Probe  
  28  2:43  Pylon  
  33  2:47  Warp Gate  
  33  2:49  Mothership Core (Chrono Boost)  
  35  2:54  Pylon  
  35  2:55  Probe (Chrono Boost)  
  36  3:06  Probe (Chrono Boost)  
  36  3:09  Probe (Chrono Boost)  
  36  3:11  Stalker x2  
  42  3:17  Probe (Chrono Boost)  
  43  3:20  Probe (Chrono Boost)  
  43  3:24  Pylon  
  44  3:27  Probe (Chrono Boost)  
  44  3:30  Probe (Chrono Boost)  
  46  3:38  Probe (Chrono Boost)  
  48  3:41  Stalker, Probe (Chrono Boost)  
  48  3:48  Stalker, Probe (Chrono Boost)  
  50  3:51  Probe (Chrono Boost)  
  51  3:59  Probe (Chrono Boost)  
  51  4:02  Twilight Council, Probe (Chrono Boost)  
  53  4:09  Probe (Chrono Boost)  
  54  4:13  Probe (Chrono Boost)  
  50  4:19  Assimilator x2  
  50  4:20  Probe (Chrono Boost), Pylon  
  50  4:23  Probe (Chrono Boost)  
  52  4:30  Probe (Chrono Boost)  
  53  4:33  Probe (Chrono Boost)  
  53  4:36  Nexus  
  53  4:37  Pylon  
  54  4:39  Probe, Blink (Chrono Boost)  
  55  4:52  Probe, Robotics Facility  
  55  4:54  Probe  
  55  4:58  Stalker  
  55  4:59  Stalker  
  61  5:03  Probe  
  61  5:06  Probe  
  63  5:12  Gateway  
  63  5:13  Gateway, Probe  
  64  5:21  Pylon  
  64  5:25  Gateway  
  64  5:26  Gateway  
  63  5:34  Stalker x2, Probe  
  67  5:35  Probe  
  67  5:38  Observer (Chrono Boost)  
  69  5:46  Probe  
  69  5:47  Probe  
  70  5:52  Probe  
  70  5:55  Warp Prism  
  70  5:57  Pylon  
  71  5:58  Stalker x2, Probe  
  71  6:02  Probe  
  79  6:10  Pylon  
  79  6:11  Stalker  
  79  6:13  Stalker  
  79  6:14  Probe  
  79  6:16  Probe  
  79  6:18  Probe  
  86  6:26  Probe  
  86  6:27  Probe  
  86  6:30  Stalker x2, Probe  
  93  6:38  Probe  
  93  6:39  Probe  
  94  6:42  Probe  
  95  6:48  Probe  
  95  6:49  Stalker  
  95  6:50  Stalker x3  
  95  6:51  Probe  
  105  6:54  Probe  
  105  6:59  Probe  
  107  7:03  Assimilator  
  107  7:04  Assimilator  
  107  7:07  Stalker x2, Robotics Facility  
  111  7:09  Pylon  
  103  7:27  Immortal  
  103  7:28  Charge (Chrono Boost)  
  103  7:36  Templar Archives  
  107  7:37  Forge  
  107  7:42  Probe x2  
  109  7:49  Zealot x6  
  121  7:55  Immortal (Chrono Boost)  
  121  7:58  Pylon  
  125  7:59  Pylon  
  125  8:02  Pylon  
  125  8:16  Immortal (Chrono Boost)  
  125  8:18  Protoss Ground Weapons Level 1 (Chrono Boost)  
  129  8:33  Immortal (Chrono Boost)  
  133  8:34  Nexus  
  133  8:35  High Templar x4  
  133  8:36  Zealot  
  133  8:37  Zealot  
  145  8:44  Archon x2  
  145  8:46  Pylon  
  145  8:48  Pylon  
  145  8:51  Immortal (Chrono Boost)  
  149  8:56  Gateway x2  
  149  8:58  Pylon  
  149  9:06  Pylon  
  149  9:07  Immortal (Chrono Boost), Photon Cannon  
  149  9:09  Photon Cannon x2  
  153  9:10  Photon Cannon  
  153  9:11  High Templar  
  153  9:12  Zealot, High Templar  
  153  9:13  Zealot, Photon Cannon  
  153  9:16  Archon  
  161  9:24  High Templar x2  
  161  9:27  Immortal (Chrono Boost)  
  167  9:38  Robotics Bay  
  163  9:46  Zealot x3  
  163  9:47  Zealot  
  170  9:58  Immortal (Chrono Boost)  
  160  10:02  Immortal (Chrono Boost), Zealot  
  160  10:03  Zealot  
  168  10:09  Assimilator  
  168  10:11  Assimilator  
  168  10:27  Zealot x6  
  180  10:29  Dark Shrine  
  180  10:31  Warp Prism (Chrono Boost)  
  180  10:40  Observer  
  169  10:54  Zealot x7  
  183  10:59  Photon Cannon  
  183  11:01  Photon Cannon  
  183  11:02  Observer (Chrono Boost)  
  183  11:03  Photon Cannon  
  184  11:05  Protoss Ground Weapons Level 2 (Chrono Boost)  
  184  11:08  Disruptor (Chrono Boost)  
  187  11:17  High Templar x3  
  187  11:18  High Templar  
  195  11:23  Archon  
  195  11:24  Archon  
  189  11:41  Disruptor (Chrono Boost)  
  189  11:42  Disruptor (Chrono Boost)  
  175  12:38  Disruptor x2 (Chrono Boost)  
  181  12:51  Zealot x7  
  173  13:11  High Templar x5  
  173  13:12  High Templar x3  
  171  13:16  Archon x2  
  171  13:17  Archon x2  
  171  13:26  Warp Prism  
  173  13:36  Gateway  
  173  13:37  Gateway  
  173  13:39  Gateway  
  173  13:41  Nexus  
  171  13:42  Gateway, Pylon  
  171  13:45  Pylon, Zealot x8  
  187  13:51  Observer  
  188  14:00  Observer  
  165  14:07  Disruptor, Zealot x7  
  165  14:08  Zealot  
  169  14:16  Disruptor  
  172  14:23  Gateway  
  175  14:25  Gateway  
  175  14:27  Gateway  
  175  14:31  Dark Templar, Zealot x3  
  183  14:45  Disruptor  
  175  14:47  Disruptor  
  179  15:02  Zealot x5  
  179  15:03  Zealot x3  
  177  15:16  Warp Prism  
  132  15:23  Zealot x8  
  132  15:24  Zealot x3  
  136  15:35  High Templar  
  102  15:44  High Templar x8  
  102  15:49  Archon  
  118  15:50  Disruptor x2, Archon x3  
  121  16:06  Dark Templar x3  
  121  16:10  Zealot  
  129  16:24  Immortal  
  129  16:25  Immortal  
  129  16:27  High Templar x4  
  129  16:29  High Templar  
  147  16:34  Archon x3  
  147  16:40  Nexus  
  147  16:44  High Templar x3  
  153  16:47  Zealot x4  
  153  16:51  Assimilator  
  153  16:53  Assimilator  
  143  16:56  Photon Cannon  
  106  17:03  Zealot  
  106  17:04  Zealot x4  
  112  17:14  Dark Templar x2  
  116  17:18  Zealot x5  
  120  17:25  Zealot  
  120  17:26  Zealot x4  

Tags
 
Add a new tag
Caveats
  • Supply blocks, unpowered buildings, or Contaminate may cause inaccurate times.
  • Supply counts are checked every 10 seconds.